 Dungeon Crawl Stone Soup version bcrawl-1.13.2 (webtiles) character file.

Game seed: 13103590646211506008

5156 Felnil the Fighter (level 10, -11/72 HPs)
             Began as a Skeleton Fighter on Aug 10, 2019.
             Was a Priest of Trog.
             Mangled by a white ugly thing (15 damage)
             ... on level 7 of the Dungeon.
             The game lasted 00:29:17 (9049 turns).

Felnil the Fighter (Skeleton Fighter)               Turns: 9049, Time: 00:29:18

Health: -11/72     AC: 19    Str: 31 (32) XL:     10   Next: 33%
Magic:  0/10       EV:  7    Int:  9 (10) God:    Trog [***...]
Gold:   800        SH: 11    Dex:  7 (8)  Spells: 9/9 levels left

rFire    . . .     SeeInvis .   w - +2 hand axe (flame)
rCold    + . .     Gourm    .   c - +0 shield
rNeg     + + +     Faith    .   y - +0 plate armour
rPois    ∞         Spirit   +   l - +2 helmet {Int+3}
rElec    +         Reflect  .   h - +0 cloak
rCorr    .         Harm     .   f - +0 pair of gloves
MR       +....                  (no boots)
Stlth    ..........             x - amulet of the acrobat
HPRegen  0.22/turn              s - ring of insulation
MPRegen  0.12/turn              b - +6 ring of strength

@: no status effects
A: no food or potions, cold resistance 1, deterioration 1, negative energy
resistance 3, powered by death 1, torment resistance, unbreathing, magic shield,
sturdy frame 2, spell healing
a: Trog's Hand, Renounce Religion


You were on level 7 of the Dungeon.
You worshipped Trog.
Trog was most pleased with you.
You were not hungry.

You visited 2 branches of the dungeon, and saw 9 of its levels.

You collected 800 gold pieces.

Inventory:

Hand Weapons
 a - a +0 war axe
 w - a +2 hand axe of flaming (weapon)
Missiles
 j - 491 tomahawks (quivered)
Armour
 c - a +0 shield (worn)
 f - a +0 pair of gloves (worn)
 h - a +0 cloak (worn)
 l - a +2 helmet of intelligence (worn)
 y - a +0 plate armour (worn)
Jewellery
 b - a +6 ring of strength (right hand)
 d - an uncursed ring of poison resistance
 s - a ring of insulation (left hand)
 x - an amulet of the acrobat (around neck)
Wands
 p - a wand of iceblast (16)
 q - a wand of polymorph (5)
 u - a wand of flame (8)
Scrolls
 e - 3 scrolls of amnesia
 g - 3 scrolls of remove curse
 i - a scroll of fear
 k - a scroll of vulnerability {unknown}
 m - a scroll of teleportation
 r - a scroll of blinking
 t - a scroll of magic mapping


   Skills:
 + Level 12.9 Fighting
 - Level 2.4 Axes
 + Level 7.1 Armour
 + Level 7.8 Shields


You had 9 spell levels left.
You didn't know any spells.
Your spell library contained the following spells:

 Spells                   Type           Power        Failure   Level  Hunger
 Magic Dart               Conj           #...         98%         1    N/A

Dungeon Overview and Level Annotations

Branches:
Dungeon (8/12)             Temple (1/1) D:4
   Lair: D:7-10         Orc: D:8-11

Altars:
Ashenzari
Cheibriados
Dithmenos
Elyvilon
Fedhas
Gozag
Kikubaaqudgha
Lugonu
Makhleb
Nemelex Xobeh
Okawaru
Qazlal
Ru
Sif Muna
Trog
Uskayaw
Vehumet
Wu Jian
Xom
Yredelemnul
The Shining One

Shops:
D:4 *   D:6 (


Innate Abilities, Weirdness & Mutations

You do not eat or drink.
You are immune to poison.
Your flesh is cold resistant. (rC+)
Your body sometimes deteriorates upon taking damage.
You are immune to negative energy. (rN+++)
You regenerate a little health from kills.
You are immune to unholy pain and torment.
You can survive without breathing.
When hurt, damage is shared between your health and your magic reserves.
Your movements are less encumbered by armour. (ER -4)
Casting spells heals you.


Message History

The red ugly thing basks in the mutagenic energy and changes!
You block the white ugly thing's attack.
Aiming: Throw Flame
Press: ? - help, Shift-Dir - straight line, f/p - white ugly thing
Aim: a white ugly thing (moderately wounded)
The puff of flame hits the white ugly thing.
The white ugly thing is heavily wounded.
The white ugly thing bites you. The white ugly thing freezes you! You resist.
* * * LOW HITPOINT WARNING * * *
Unknown command.
You closely miss the white ugly thing.
The white ugly thing is heavily wounded.
You block the white ugly thing's attack.
You slash the white ugly thing! You burn the white ugly thing.
The white ugly thing is heavily wounded.
The white ugly thing bites you!
* * * LOW HITPOINT WARNING * * *
Your body deteriorates!
You feel weakened. The white ugly thing freezes you! You resist.
You die...

...........###.......# ##....# #
.####......#.........###.....# ##
##........###.....##..##.# # #
##......## #..#..#...##.## #
##....[.## ##.#......###..###
###...##[## ##.........# #..##.
###...####..###..........###.....
#...### ##..#.......###......###
...## #.....@u.<......#..## ..###
####..............###.#
....####(..........####..# #.##
..............#...#####..# #..#
...######...####..(##....###..###
.### #..## ##........##...... .##
#.## #...........#.... ..## ##.#
##........####... #..#####.##
##.......!# ##..


You could see a white ugly thing.

Vanquished Creatures
  The ghost of brkfrs the Thaumaturge, a novice FrCj of Vehumet (D:7)
  Pikel (D:7)
  Joseph (D:7)
  The ghost of sbaton the Slasher, a novice FoFi of Gozag (D:7)
  2 trolls (D:8)
  A wraith (D:8)
  Menkaure (D:7)
  2 ice beasts (D:6)
  A sky beast (D:8)
  A hornet zombie (D:8)
  2 orc warriors
  3 phantoms
  4 slaves (D:7)
  7 centaurs
  3 bullfrogs
  2 scorpions
  5 wights (D:7)
  3 jellies
  A hound (D:8)
  3 bullfrog skeletons
  7 orc priests
  6 orc wizards
  An iguana (D:6)
  Ijyb (D:5)
  3 worker ants
  A hound zombie (D:6)
  2 howler monkey skeletons
  7 adders
  3 gnolls (D:4)
  A shadow imp (D:5)
  3 adder skeletons
  4 worms
  4 dart slugs
  4 leopard geckos
  35 orcs
  A ball python (D:2)
  3 giant cockroaches
  4 hobgoblins
  18 jackals
  7 kobolds
  5 quokkas
  6 bats
  3 frilled lizards
  8 goblins
  5 rats
187 creatures vanquished.

Notes
Turn   | Place    | Note
-------+----------+-------------------------------------------
     0 | D:1      | Felnil the Skeleton Fighter began the quest for the Orb.
     0 | D:1      | Reached XP level 1. HP: 14/14 MP: 1/1
   171 | D:1      | Reached XP level 2. HP: 18/19 MP: 2/2
   274 | D:1      | Reached skill level 4 in Fighting
   462 | D:2      | Reached XP level 3. HP: 17/24 MP: 1/3
  1113 | D:3      | Reached XP level 4. HP: 29/30 MP: 4/4
  1114 | D:3      | Reached skill level 5 in Fighting
  1371 | D:3      | Reached XP level 5. HP: 33/36 MP: 5/5
  1381 | D:3      | Reached skill level 6 in Fighting
  1594 | D:3      | Found a deep blue altar of Sif Muna.
  1595 | D:3      | Found an ancient bone altar of Kikubaaqudgha.
  1596 | D:3      | Found a radiant altar of Vehumet.
  1600 | D:3      | Identified Vehumet's Tome of Confrontation
  1685 | D:4      | Found a staircase to the Ecumenical Temple.
  1697 | Temple   | Entered the Ecumenical Temple
  1791 | Temple   | Became a worshipper of Trog the Wrathful
  1820 | D:4      | Found a corrupted altar of Lugonu.
  2199 | D:4      | Gained mutation: You regenerate a little health from kills.
                  | [Skeleton growth]
  2199 | D:4      | Reached XP level 6. HP: 38/42 MP: 4/6
  2353 | D:4      | Found a blossoming altar of Fedhas.
  2364 | D:4      | Found Nelotymm's General Store.
  2665 | D:5      | Entered Level 5 of the Dungeon
  2677 | D:5      | Reached skill level 7 in Fighting
  3174 | D:5      | Reached skill level 8 in Fighting
  3174 | D:5      | Reached XP level 7. HP: 33/49 MP: 7/7
  3483 | D:5      | Reached * piety under Trog
  3685 | D:5      | Noticed Ijyb
  3694 | D:5      | Killed Ijyb
  3694 | D:5      | Reached skill level 9 in Fighting
  4249 | D:6      | Found Plog's Antique Weapon Shoppe.
  4317 | D:6      | Reached XP level 8. HP: 52/57 MP: 8/8
  4349 | D:6      | Reached skill level 10 in Fighting
  5030 | D:6      | Reached skill level 11 in Fighting
  5216 | D:7      | Noticed Menkaure
  5225 | D:7      | Killed Menkaure
  5334 | D:7      | Reached ** piety under Trog
  5340 | D:7      | Reached XP level 9. HP: 65/65 MP: 9/9
  5965 | D:7      | Noticed Pikel
  5979 | D:7      | Killed Pikel
  5979 | D:7      | Reached skill level 12 in Fighting
  6122 | D:7      | Noticed Joseph
  6147 | D:7      | Killed Joseph
  6147 | D:7      | Reached skill level 5 in Armour
  6147 | D:7      | Reached skill level 5 in Shields
  6451 | D:7      | Found a runed translucent gate.
  6451 | D:7      | Found a runed translucent gate.
  6451 | D:7      | Found a runed translucent gate.
  7031 | D:7      | Found a shattered altar of Ashenzari.
  7031 | D:7      | Found a basalt altar of Yredelemnul.
  7377 | D:7      | Noticed brkfrs's ghost (novice FrCj)
  7377 | D:7      | Noticed sbaton's ghost (novice FoFi)
  7438 | D:7      | Killed brkfrs's ghost
  7453 | D:7      | Killed sbaton's ghost
  7766 | D:8      | Gained mutation: Your movements are less encumbered by
                  | armour. (ER -4) [Skeleton growth]
  7766 | D:8      | Reached XP level 10. HP: 72/72 MP: 10/10
  8262 | D:8      | Identified a scroll of acquirement
  8392 | D:8      | Reached *** piety under Trog
  8418 | D:8      | Noticed a red ugly thing
  8419 | D:8      | Noticed a white ugly thing
  9049 | D:7      | Mangled by a white ugly thing

Skill      XL: |  1  2  3  4  5  6  7  8  9 10 |
---------------+-------------------------------+-----
Fighting       | 4 5 6 8 9 11 12 | 12.9
Shields        | 6 7 |  7.8
Armour         | 6 7 |  7.1
Axes           | |  2.4

Action                   |  1- 3 |  4- 6 |  7- 9 | 10-12 || total
-------------------------+-------+-------+-------+-------++-------
Melee: War axe           |   153 |   141 |   296 |    95 ||   685
       Hand axe          |       |       |       |    81 ||    81
Invok: Trog's Hand       |       |       |     1 |       ||     1
Evoke: Wand              |       |       |    20 |     4 ||    24
  Use: Scroll            |       |       |       |    13 ||    13
Armor: Scale mail        |    72 |    58 |   100 |       ||   230
       Plate armour      |       |       |    15 |    81 ||    96
Dodge: Dodged            |    78 |    58 |    97 |    53 ||   286
Block: Shield            |    99 |    80 |   184 |   109 ||   472
